[Event "Late-Titled-Tuesday-Blitz-May-28-2024"]
[Site "Chess.com"]
[Date "2024.05.28"]
[Round "11"]
[White "Stanbad1"]
[Black "StoreySniper"]
[Result "0-1"]
[WhiteElo "2666"]
[BlackElo "2564"]
[TimeControl "180+1"]
[EndTime "16:05:30 PDT"]
[Termination "StoreySniper won by resignation"]

1. d4 g6 2. Nc3 Bg7 3. e4 c5 4. Be3 Qa5 5. Qd2 Nf6 6. f3 cxd4 7. Bxd4 Nc6 8. Be3 O-O 9. Bc4 e6 10. Nge2 Re8 11. O-O-O a6 12. Kb1 b5 13. Bb3 Qc7 14. Nd4 Na5 15. Qf2 Nc4 16. Bg5 d5 17. Bxf6 Bxf6 18. exd5 e5 19. d6 Qxd6 20. Ne4 Qb6 21.
Ne2 Qxf2 22. Nxf2 Ne3 23. Ne4 Be7 24. Rdg1 Bb7 25. N2g3 Kg7 26. h4 h6 27. h5 f5 28.
Nf2 f4 29. Nge4 g5 30. Nd1 Bxe4 31. fxe4 Rad8 32. Nc3 Rd2 33. g3 f3 34. Re1 Bc5 35. Kc1 Rg2 36. Nd5 f2 37. Nxe3 Bxe3+ 38. Kb1 fxe1=Q+ 39. Rxe1 Rg1 40. Rxg1 Bxg1 41. a4 Bf2 42. axb5 axb5 43.
Bd5 b4 44. c3 bxc3 45. bxc3 Bxg3 0-1

[Event "Late-Titled-Tuesday-Blitz-May-28-2024"]
[Site "Chess.com"]
[Date "2024.05.28"]
[Round "11"]
[White "ChadBiryani"]
[Black "ozates"]
[Result "0-1"]
[WhiteElo "2540"]
[BlackElo "2629"]
[TimeControl "180+1"]
[EndTime "16:05:31 PDT"]
[Termination "ozates won on time"]

1. c4 e5 2. g3 Nf6 3. Bg2 h6 4.
Nc3 Bb4 5. Nf3 Bxc3 6. bxc3 d6 7.
O-O O-O 8. d4 Nbd7 9. Ba3 Re8 10. e3 Rb8 11. Nd2 a6 12. Rb1 b6 13. c5 dxc5 14. dxc5 b5 15. c6 Nb6 16. Qc2 Be6 17. Rfd1 Qc8 18. Bc5 Bh3 19. Bh1 Bf5 20. Ne4 Nxe4 21. Bxe4 Be6 22. h4 f5 23. Bg2 f4 24. exf4 exf4 25. Re1 fxg3 26. fxg3 Nc4 27. Qg6 Bf7 28. Qd3 Qg4 29. Kh2 Bg6 30. Qd5+ Kh7 31.
Rxe8 Rxe8 32. Rf1 Re2 33. Rf8 Re6 34. Bd4 Nd6 35. Rd8 Be4 36. Bxe4+ Nxe4 37. Rf8 Qxg3+ 38. Kh1 Qh3+ 39. Kg1 Rg6+ 40. Qg5 Nxg5 41. hxg5 Rxg5+ 0-1

[Event "Late-Titled-Tuesday-Blitz-May-28-2024"]
[Site "Chess.com"]
[Date "2024.05.28"]
[Round "11"]
[White "swayamsm"]
[Black "HajiyevKanan"]
[Result "1-0"]
[WhiteElo "2577"]
[BlackElo "2469"]
[TimeControl "180+1"]
[EndTime "16:05:31 PDT"]
[Termination "swayamsm won on time"]

1. d4 a6 2. e4 c6 3. a4 d5 4. e5 Bf5 5. a5 e6 6. h4 Bb4+ 7. c3 Bxa5 8. Nd2 h5 9. Be2 Bc7 10.
Nb3 Nd7 11. Bg5 f6 12. exf6 Ngxf6 13. Nf3 O-O 14. Nfd2 Bg4 15. Bxg4 hxg4 16. Qe2 e5 17. dxe5 Bxe5 18. O-O Qc7 19. Qd3 Rf7 20. Rae1 Bh2+ 21. Kh1 Bf4 22. Nd4 Bxd2 23. Bxd2 Ne4 24. Rxe4 Nc5 25. Ne6 Nxd3 26. Nxc7 Rc8 27. Re8+ Rxe8 28. Nxe8 Nxf2+ 29. Kg1 g3 30. Nd6 Rf8 31. Be3 b5 32.
Bxf2 gxf2+ 33. Rxf2 Rd8 34. Nf7 Re8 35. Ng5 Re1+ 36.
Kh2 a5 37. Nf3 Re4 38. Kg3 a4 39. Nd4 Re3+ 40. Rf3 Re4 41. Nxc6 Rc4 42. Ne7+ Kh7 43.
Rf5 g6 44. Rxd5 b4 45. Rd7 Kh6 46. Ng8+ 1-0

[Event "Late-Titled-Tuesday-Blitz-May-28-2024"]
[Site "Chess.com"]
[Date "2024.05.28"]
[Round "11"]
[White "maracayo"]
[Black "ChEsper99"]
[Result "1-0"]
[WhiteElo "2414"]
[BlackElo "2245"]
[TimeControl "180+1"]
[EndTime "16:05:33 PDT"]
[Termination "maracayo won by resignation"]

1. e4 c6 2. Nf3 d5 3. d3 dxe4 4. dxe4 Qxd1+ 5. Kxd1 Bg4 6. Bd3 Bxf3+ 7. gxf3 e5 8. Ke2 Nd7 9. Be3 Bc5 10. Nd2 O-O-O 11.
Rhb1 Ne7 12. b4 Bxe3 13. fxe3 g6 14. Nc4 Kc7 15. a4 f5 16. b5 fxe4 17. fxe4 g5 18. a5 cxb5 19. Rxb5 a6 20. Rb2 Nc6 21. Rab1 Nc5 22.
Rb6 Rb8 23. Rg1 h6 24. h4 Rhg8 25. Kd2 gxh4 26. Rh1 Rbd8 27. Rxh4 Nxa5 28. Rb4 Nc6 29. Rb1 Rg6 30. Kc3 b5 31. Nb2 Rdd6 32. Rf1 Rdf6 33. Rxf6 Rxf6 34. Rh5 Kb6 35. Nd1 a5 36. Kb2 a4 37.
Nc3 b4 38. Nd5+ 1-0

[Event "Late-Titled-Tuesday-Blitz-May-28-2024"]
[Site "Chess.com"]
[Date "2024.05.28"]
[Round "11"]
[White "NMJeevanK"]
[Black "RandomNoob04"]
[Result "0-1"]
[WhiteElo "2694"]
[BlackElo "2792"]
[TimeControl "180+1"]
[EndTime "16:05:35 PDT"]
[Termination "RandomNoob04 won by checkmate"]

1. e4 d5 2. exd5 Qxd5 3. Nc3 Qa5 4. Nf3 Nf6 5. d4 Bf5 6. Bc4 e6 7. Bd2 Bb4 8. a3 Bxc3 9. Bxc3 Qb6 10. O-O Nc6 11. d5 O-O-O 12. Nd4 Nxd5 13. Nxf5 Nxc3 14. Qf3 exf5 15. Qxf5+ Kb8 16. bxc3 Qa5 17. Qh3 Ne5 18. Bb3 Rd6 19. Rfe1 f6 20. Rab1 a6 21. a4 h6 22. Qe3 Rhd8 23. Qg3 g5 24. Qh3 Qc5 25. Rf1 Rd2 26. Rbe1 h5 27. Qf5 R8d6 28. Qh7 Ng4 29. Qxh5 Nxf2 30. Qe8+ Ka7 31. Qe3 Qxe3 32. Rxe3 Ng4 33.
Ref3 Rd1 34. h3 Rxf1+ 35. Kxf1 Nh2+ 36. Kf2 Nxf3 37. Kxf3 Kb6 38. Kg4 Kc5 39. Kf5 c6 40. g4 b5 41. axb5 cxb5 42. Be6 a5 43. Kxf6 a4 44.
Ke5 Rxe6+ 45. Kxe6 a3 46. h4 a2 47. hxg5 a1=Q 48. Kf6 Qxc3+ 49. Kf7 Qxc2 50. g6 Qf2+ 51. Kg8 Qg3 52. Kg7 Qxg4 53. Kh8 b4 54. g7 b3 55.
Kh7 b2 56. Kh8 b1=Q 57. Kg8 Qb7 58. Kh8 Qgxg7# 0-1

[Event "Late-Titled-Tuesday-Blitz-May-28-2024"]
[Site "Chess.com"]
[Date "2024.05.28"]
[Round "11"]
[White "ckgchess"]
[Black "cassoulet"]
[Result "0-1"]
[WhiteElo "2867"]
[BlackElo "2739"]
[TimeControl "180+1"]
[EndTime "16:05:36 PDT"]
[Termination "cassoulet won by resignation"]

1. e4 c5 2. c3 e5 3. Nf3 Nc6 4. Bc4 Nf6 5. Ng5 d5 6. exd5 Nxd5 7. d4 cxd4 8. Qh5 g6 9. Qf3 Be6 10.
Nxe6 fxe6 11. O-O Bg7 12. Nd2 Rf8 13. Qh3 Nf4 14. Qxh7 Qe7 15. g3 Rh8 16. Qxh8+ Bxh8 17. gxf4 exf4 18. Ne4 Qh4 19. Bxe6 Ne5 20. f3 Ke7 21.
Bb3 d3 22. Bd2 g5 23. Rae1 Kd7 24. Nc5+ Kc6 25. Ne6 Bf6 26. Rf2 Rh8 27. Nd4+ Kc7 28. Bd5 a6 29. b3 Kb6 30. Be4 Ka7 31. a4 g4 32. Bxf4 Nxf3+ 33. Nxf3 gxf3 34. Bg3 Rg8 35. Bxf3 Bxc3 36. Re4 Rxg3+ 37. hxg3 Qxg3+ 38. Bg2 d2 39. Rxd2 Bxd2 40. Re7 Be3+ 41. Kh1 Qh4+ 0-1

[Event "Late-Titled-Tuesday-Blitz-May-28-2024"]
[Site "Chess.com"]
[Date "2024.05.28"]
[Round "11"]
[White "Viktor_Poddubnyi"]
[Black "ploxoi"]
[Result "0-1"]
[WhiteElo "2318"]
[BlackElo "2421"]
[TimeControl "180+1"]
[EndTime "16:05:39 PDT"]
[Termination "ploxoi won on time"]

1. e4 c6 2. d4 d5 3. exd5 cxd5 4. c4 Nf6 5. Nc3 g6 6. Qb3 Bg7 7. cxd5 O-O 8. Be2 Nbd7 9. Bf3 Nb6 10. Nge2 e6 11.
dxe6 Bxe6 12. Qd1 Nfd5 13. O-O Rc8 14. Nxd5 Bxd5 15. Bxd5 Qxd5 16. Be3 Nc4 17. b3 Nd6 18. Rc1 Nf5 19. Qd3 Rfd8 20. Rxc8 Rxc8 21. Rd1 Qa5 22. a4 Rd8 23. d5 Qb4 24. Bxa7 Ne7 25. Qc4 Qa5 26.
Bc5 Rxd5 27. Rc1 Re5 28. Bd4 Re6 29. Bxg7 Kxg7 30. g3 Nc6 31. Nf4 Re5 32. Qc3 Qxc3 33. Rxc3 Re1+ 34. Kg2 Nd4 35. Rc7 Nxb3 36. Rxb7 Nc5 37.
Ra7 Ra1 38. a5 Nb3 39. a6 Nc5 0-1

[Event "Late-Titled-Tuesday-Blitz-May-28-2024"]
[Site "Chess.com"]
[Date "2024.05.28"]
[Round "11"]
[White "Hikaru"]
[Black "Rud_Makarian"]
[Result "1/2-1/2"]
[WhiteElo "3224"]
[BlackElo "2982"]
[TimeControl "180+1"]
[EndTime "16:05:44 PDT"]
[Termination "Game drawn by repetition"]

1. e4 c5 2. Nf3 d6 3. Nc3 Nc6 4. d4 cxd4 5. Nxd4 Nf6 6. Bg5 Bd7 7. Qd2 Nxd4 8. Qxd4 h6 9. Be3 e5 10. Qd3 a6 11. Be2 Be7 12. O-O O-O 13. f4 Rc8 14. f5 b5 15. a3 Bc6 16. Bf3 Qc7 17.
Rfd1 Qb7 18. Bf2 Rfd8 19. Qe2 Nd7 20. Nd5 Bxd5 21. Rxd5 Nf6 22. Rd3 Rc4 23. b3 Rc6 24. Rad1 Qc7 25. Rc1 Rc8 26. c3 Nd7 27. Qb2 a5 28. g4 Bg5 29. Rc2 a4 30. b4 Nb6 31.
Kg2 Nc4 32. Qa1 Bf4 33. h4 Qe7 34. Re2 R6c7 35. Rd5 Qe8 36. Qa2 f6 37. Re1 Kh7 38. Rd3 Rc6 39. Red1 Qe7 40. Qa1 Qc7 41. Qa2 Qe7 42. Be2 Qb7 43. Bf3 Qc7 44. Kg1 Nb6 45. Kg2 Nc4 46. Kh1 Qe7 47. Kg1 Rg8 48. Kf1 Rgc8 49. Kg2 Qc7 1/2-1/2

[Event "Late-Titled-Tuesday-Blitz-May-28-2024"]
[Site "Chess.com"]
[Date "2024.05.28"]
[Round "11"]
[White "momotaro77"]
[Black "IngOscarArdila"]
[Result "1-0"]
[WhiteElo "2523"]
[BlackElo "2309"]
[TimeControl "180+1"]
[EndTime "16:05:44 PDT"]
[Termination "momotaro77 won by resignation"]

1. e4 e5 2. Nf3 Nf6 3. Nxe5 d6 4. Nf3 Nxe4 5. Nc3 Nxc3 6. dxc3 Be7 7. Be3 O-O 8. Qd2 Nd7 9. O-O-O Nf6 10. Bd3 c5 11.
c4 b5 12. Bf4 Bb7 13. Rhe1 Re8 14. Bf5 Bxf3 15. gxf3 bxc4 16. Bxd6 Bxd6 17. Qxd6 Qb6 18. Qxb6 axb6 19. a3 Rxe1 20. Rxe1 Kf8 21. c3 Rd8 22. Kc2 g6 23. Be4 Rd6 24. Bb7 Nh5 25. Ba6 Rf6 26.
Re3 Rf4 27. Kd2 f5 28. Ke2 Nf6 29. Re6 Nd5 30. Rd6 Ne7 31. Rxb6 Rh4 32. Rb8+ Kf7 33. a4 Ke6 34. a5 Kd6 35. Rb6+ Kc7 36. Rb7+ Kd6 37.
Bb5 Rxh2 38. a6 Rh1 39. a7 Ra1 40. Rb6+ Kc7 41. Ra6 Ra5 42. Rxa5 1-0

[Event "Late-Titled-Tuesday-Blitz-May-28-2024"]
[Site "Chess.com"]
[Date "2024.05.28"]
[Round "11"]
[White "merinasian"]
[Black "howitzer14"]
[Result "0-1"]
[WhiteElo "2484"]
[BlackElo "3022"]
[TimeControl "180+1"]
[EndTime "16:05:46 PDT"]
[Termination "howitzer14 won by resignation"]

1. d4 Nf6 2. Nf3 g6 3. Bf4 Bg7 4. e3 d6 5. h3 O-O 6. Be2 Nc6 7. O-O Nd7 8. c4 e5 9. Bh2 exd4 10. exd4 Re8 11.
Nc3 Nf6 12. Re1 Ne4 13. Nd5 Nf6 14. Nc3 Bf5 15. d5 Ne7 16. Nd4 Ne4 17. Nxf5 Nxf5 18. Nxe4 Rxe4 19. Bd3 Rxe1+ 20. Qxe1 Bxb2 21. Rb1 Bd4 22. Bxf5 gxf5 23. Qd2 Bb6 24. a4 Qh4 25. Bf4 Re8 26. Rb3 Bxf2+ 27. Qxf2 Re1+ 28. Qxe1 Qxe1+ 29. Kh2 b6 30. Rg3+ Kh8 31. Bh6 Qe5 32. Bg7+ Qxg7 33.
Rxg7 Kxg7 34. Kg3 Kf6 35. Kf4 Kg6 36. g3 Kf6 37. h4 h5 38. Ke3 Ke5 39. Kf3 f4 40. g4 hxg4+ 41. Kxg4 Ke4 42. h5 f3 43. Kg3 Ke3 44. h6 f2 45. h7 f1=Q 46. h8=Q Qg1+ 0-1

[Event "Late-Titled-Tuesday-Blitz-May-28-2024"]
[Site "Chess.com"]
[Date "2024.05.28"]
[Round "11"]
[White "SRob2003"]
[Black "Lennis93"]
[Result "0-1"]
[WhiteElo "2689"]
[BlackElo "2776"]
[TimeControl "180+1"]
[EndTime "16:05:49 PDT"]
[Termination "Lennis93 won by resignation"]

1. c4 e5 2. g3 Nf6 3. Bg2 c6 4. Nf3 e4 5. Nd4 d5 6. d3 Bb4+ 7. Bd2 Bc5 8. Bc3 exd3 9. Qxd3 O-O 10. Nb3 Bb6 11. O-O Re8 12. cxd5 Nxd5 13. Bd4 Bg4 14. e3 Na6 15. a3 Be6 16. N1d2 Qg5 17. Nf3 Qh5 18.
Bxb6 axb6 19. Nfd4 Bh3 20. Rfd1 Bxg2 21. Kxg2 Rad8 22.
Qf5 Qh6 23. Qf3 g6 24. Ne2 Qg5 25. Rac1 Nxe3+ 26. fxe3 Rxd1 27. Rxd1 Rxe3 28. Qf2 Rxb3 29. Rd7 f5 30. Nf4 Qf6 31. Nd3 Nc5 32. Nxc5 Rxb2 33. Rd8+ Qxd8 34. Qxb2 Qd5+ 35. Kh3 Qxc5 36. Kh4 Qe7+ 37.
Kh3 b5 38. Qd4 Kf7 39. Qh8 Ke6 40. Qc8+ Kd5 41. Qg8+ Kd4 42. Qb3 Qe3 43. Qb4+ Kd5 44. Qf8 Qe6 45. Qb4 f4+ 46. Kg2 fxg3 47. hxg3 Qe4+ 48.
Qxe4+ Kxe4 0-1

[Event "Late-Titled-Tuesday-Blitz-May-28-2024"]
[Site "Chess.com"]
[Date "2024.05.28"]
[Round "11"]
[White "McCarthyStone"]
[Black "Lavandum24"]
[Result "1/2-1/2"]
[WhiteElo "2464"]
[BlackElo "1861"]
[TimeControl "180+1"]
[EndTime "16:05:50 PDT"]
[Termination "Game drawn by repetition"]

1. d4 Nc6 2. d5 Ne5 3. e4 Ng6 4. h4 h5 5. Be2 Nf6 6. Nc3 e5 7. Bg5 Bb4 8. Qd3 a6 9. g3 d6 10. f4 exf4 11. gxf4 Qe7 12. O-O-O Bxc3 13. Qxc3 Bg4 14.
Bxg4 hxg4 15. h5 O-O-O 16. Qd4 Qxe4 17. Bxf6 Qxh1 18. Bxd8 Qxh5 19. Bg5 f6 20. Bxf6 gxf6 21. Qxf6 Rf8 22. Qe6+ Kb8 23. Ne2 Nxf4 24. Nxf4 Rxf4 25. Qe7 Qh6 26. Kb1 Rf8 27. a3 Rg8 28. Rf1 g3 29. Rf7 Qh1+ 30. Ka2 Qxd5+ 31. b3 Qc6 32. Kb2 g2 33.
Rg7 Rxg7 34. Qxg7 Ka7 35. a4 Qf3 36. Qd4+ b6 37. Qg7 Kb7 38. a5 Qf1 39. axb6 Kxb6 40. Qd4+ Kb7 41. Qd5+ Ka7 42. Qc6 g1=Q 43. Qxc7+ Ka8 44.
Qc8+ Ka7 45. Qc7+ Ka8 46. Qc8+ Ka7 47. Qc7+ 1/2-1/2

[Event "Late-Titled-Tuesday-Blitz-May-28-2024"]
[Site "Chess.com"]
[Date "2024.05.28"]
[Round "11"]
[White "Goryachkina"]
[Black "MatthewG-p4p"]
[Result "0-1"]
[WhiteElo "2718"]
[BlackElo "2845"]
[TimeControl "180+1"]
[EndTime "16:05:55 PDT"]
[Termination "MatthewG-p4p won by checkmate"]

1. Nf3 c5 2. e4 g6 3. c3 Bg7 4. d4 cxd4 5. cxd4 d5 6. e5 a6 7. h3 Nc6 8. Be2 f6 9. exf6 Nxf6 10.
O-O O-O 11. Nc3 Nh5 12. Qb3 e6 13. Be3 Nf4 14. Rfe1 Nxe2+ 15. Nxe2 Rxf3 16. gxf3 Qh4 17. Qd3 Qxh3 18. Ng3 Bd7 19. Rad1 Rf8 20. f4 Ne7 21. Qf1 Qh4 22. Qg2 Bh6 23. f5 Bxe3 24. Rxe3 Nxf5 25. Nxf5 Rxf5 26. Rg3 Bb5 27. b3 Qf6 28. a4 Bc6 29. Rd2 Rf4 30. Rg4 Rf5 31. Rg3 Kg7 32. Rd1 h5 33. Rd2 g5 34. Rd1 Kg6 35. Re3 Rf4 36. Rde1 Bd7 37. Rd1 Rxd4 38. Rxd4 Qxd4 39. Qg3 Qf4 40.
Qh3 g4 41. Qh4 d4 42. Rd3 Qc1+ 43. Kh2 Bc6 44. Kg3 Qg1+ 45. Kf4 Qc1+ 46. Ke5 Qc5+ 47. Kf4 Qd6# 0-1

[Event "Late-Titled-Tuesday-Blitz-May-28-2024"]
[Site "Chess.com"]
[Date "2024.05.28"]
[Round "11"]
[White "simaopdias"]
[Black "Hirna2005"]
[Result "0-1"]
[WhiteElo "2239"]
[BlackElo "2337"]
[TimeControl "180+1"]
[EndTime "16:05:55 PDT"]
[Termination "Hirna2005 won on time"]

1. e4 g6 2. d4 Bg7 3. Nc3 d6 4. Be3 a6 5. Qd2 b5 6. Bd3 Bb7 7. f4 Nd7 8. Nf3 c5 9. a3 Nh6 10. h3 O-O 11. f5 cxd4 12. Bxh6 dxc3 13. bxc3 Rc8 14. O-O Bxc3 15. Qg5 Bf6 16. Qf4 Bg7 17. Rae1 Nc5 18. f6 exf6 19. Bxg7 Kxg7 20. Qg3 Re8 21. Nh4 Bxe4 22. Bxe4 Nxe4 23. Rxe4 Rxe4 24. Nf5+ Kg8 25. Nxd6 Rec4 26. Nxc8 Rxc8 27. Qf2 Rc4 28.
Kh1 f5 29. Qa7 Qd6 30. Qa8+ Kg7 31. Rf2 Rc3 32. a4 bxa4 33. Qe8 a3 34. Qa4 Qd1+ 35. Kh2 Qd6+ 36. Kh1 Re3 37. Rf1 Re4 38. Qb3 Qb4 39.
Qd3 Rd4 40. Rd1 Rxd3 0-1

[Event "Late-Titled-Tuesday-Blitz-May-28-2024"]
[Site "Chess.com"]
[Date "2024.05.28"]
[Round "11"]
[White "crazycheesecake"]
[Black "gamboajp"]
[Result "1-0"]
[WhiteElo "2140"]
[BlackElo "2046"]
[TimeControl "180+1"]
[EndTime "16:05:55 PDT"]
[Termination "crazycheesecake won on time"]

1. Nf3 e6 2. c4 d5 3. g3 c5 4. cxd5 exd5 5. d4 Nf6 6. Bg2 Nc6 7. O-O cxd4 8. Nxd4 Bc5 9. Nb3 Bb6 10. Nc3 d4 11.
Na4 O-O 12. Nxb6 axb6 13. Bg5 Re8 14. Qd2 h6 15. Bxf6 Qxf6 16. Rfd1 Be6 17. Nxd4 Nxd4 18. Qxd4 Qxd4 19. Rxd4 Rxa2 20. Rxa2 Bxa2 21. e3 Rc8 22. Bxb7 Rc1+ 23. Kg2 Rc7 24. Be4 g6 25. Rb4 Re7 26. Kf3 Re6 27. b3 Rf6+ 28. Kg2 Rd6 29. Bb7 Bb1 30.
e4 Re6 31. Bd5 Rd6 32. Rc4 Kg7 33. Rc1 Bd3 34. Rc7 Rf6 35. e5 Rf5 36. f4 g5 37.
e6 Rxd5 38. e7 Be4+ 39. Kh3 g4+ 40. Kh4 Kg6 41. e8=Q Rh5+ 42. Kxg4 1-0

[Event "Late-Titled-Tuesday-Blitz-May-28-2024"]
[Site "Chess.com"]
[Date "2024.05.28"]
[Round "11"]
[White "Karttunen"]
[Black "DeTimmerman"]
[Result "0-1"]
[WhiteElo "2670"]
[BlackElo "2753"]
[TimeControl "180+1"]
[EndTime "16:05:56 PDT"]
[Termination "DeTimmerman won on time"]

1. d4 Nf6 2. c4 e6 3. Nc3 Bb4 4. e3 Ne4 5. Qc2 f5 6. Bd3 O-O 7. Ne2 b6 8. f3 Bxc3+ 9. bxc3 Nd6 10. c5 bxc5 11. dxc5 Nf7 12. f4 Bb7 13. O-O Nc6 14.
e4 g6 15. Rb1 Rb8 16. Be3 Ne7 17. e5 Bc6 18. Nd4 Rxb1 19. Rxb1 Qa8 20. Nxc6 Nxc6 21. Be2 Rb8 22. Rd1 Rd8 23. Bf3 Qc8 24. Qa4 g5 25. g3 g4 26. Bg2 Qb7 27. h3 h5 28. h4 Kf8 29. Kh2 Ke7 30. Qc2 Rb8 31.
Qd3 Rd8 32. Rb1 Qa8 33. Qa6 Rb8 34. Rxb8 Qxb8 35. Bxc6 dxc6 36. Qxc6 Nd8 37. Qg2 Qb5 38. Qd2 Nc6 39. Kg2 Qc4 40. Bf2 a5 41. Kg1 a4 42.
Qc2 a3 43. Qd2 Qb5 44. Qc2 Qb2 45. Qa4 Kd7 46. Qc4 Qb1+ 47. Kh2 Qc2 48. Qb5 Qxf2+ 0-1

[Event "Late-Titled-Tuesday-Blitz-May-28-2024"]
[Site "Chess.com"]
[Date "2024.05.28"]
[Round "11"]
[White "lamomiablanca"]
[Black "giomar27"]
[Result "0-1"]
[WhiteElo "2604"]
[BlackElo "2482"]
[TimeControl "180+1"]
[EndTime "16:06:01 PDT"]
[Termination "giomar27 won on time"]

1. e4 e5 2. Nf3 Nc6 3. Nc3 Nf6 4. g3 d5 5. exd5 Nxd5 6. Bg2 Nxc3 7. bxc3 Bc5 8. O-O O-O 9. Re1 Bg4 10. h3 Bh5 11. g4 Bg6 12. Nxe5 Nxe5 13. Rxe5 Bd6 14. Re1 f5 15. d4 Qh4 16. g5 Bh5 17. Qd3 f4 18.
Qc4+ Kh8 19. Qd5 f3 20. Bf1 Rf4 21. Bxf4 Qxf4 22. Re5 Bxe5 23. Qxe5 Qxe5 24. dxe5 Re8 25. Re1 Bg6 26. Re3 Bxc2 27. Rxf3 Kg8 28. Re3 Kf7 29.
Bc4+ Kg6 30. f4 Kf5 31. Re2 Be4 32. Rf2 Rd8 33. e6 Rd1+ 34. Rf1 Rd2 35. Rf2 Rd1+ 36. Kh2 Rh1+ 37. Kg3 Rg1+ 38. Kh4 h6 39. e7 Bc6 40.
Bd3+ Ke6 41. Re2+ Kf7 42. g6+ Ke8 43. f5 Bd5 44. f6 gxf6 45. Kh5 Rg3 46. Bf5 Rg5+ 47.
Kxh6 Rxf5 48. h4 Re5 49. Rxe5 fxe5 50. Kg5 Kxe7 51. h5 Kf8 52. h6 Kg8 53. Kf6 e4 54.
g7 e3 55. Kg6 Bf7+ 56. Kf6 Bxa2 57. Kg6 Bb1+ 58. Kf6 e2 59. h7+ Kxh7 60. Kf7 Ba2+ 61.
Kf8 Bg8 0-1

[Event "Late-Titled-Tuesday-Blitz-May-28-2024"]
[Site "Chess.com"]
[Date "2024.05.28"]
[Round "11"]
[White "MusicCityMaster"]
[Black "CristhianPortalR"]
[Result "1-0"]
[WhiteElo "2413"]
[BlackElo "2530"]
[TimeControl "180+1"]
[EndTime "16:06:01 PDT"]
[Termination "MusicCityMaster won on time"]

1. e4 c5 2. Nf3 d6 3. d4 cxd4 4. Nxd4 Nf6 5. Nc3 a6 6. Bc4 e6 7. Bb3 Nbd7 8. Qe2 Nc5 9. g4 h6 10. h4 Be7 11. Rg1 Nxb3 12. axb3 g6 13. g5 hxg5 14.
Bxg5 Nh5 15. O-O-O Bxg5+ 16. Rxg5 Nf4 17. Qe3 Rxh4 18. Nf3 Rh3 19. Rg3 Rxg3 20. fxg3 Nh5 21. g4 Nf6 22. Qf4 Qe7 23. Rxd6 Bd7 24. e5 Nd5 25. Nxd5 exd5 26. Qb4 Bc6 27. Kb1 Rd8 28. Rxd8+ Kxd8 29. Qxe7+ Kxe7 30. Nd4 f6 31. e6 Bb5 32. Kc1 Bf1 33. Kd2 Bh3 34. g5 Bxe6 35. gxf6+ Kxf6 36. Ke3 g5 37. c3 Bd7 38. Ne2 Ke5 39. Nc1 g4 40.
Nd3+ Kd6 41. Kf4 b5 42. b4 Kc6 43. Ne5+ Kd6 44. Nxd7 Kxd7 45. Kxg4 1-0

[Event "Late-Titled-Tuesday-Blitz-May-28-2024"]
[Site "Chess.com"]
[Date "2024.05.28"]
[Round "11"]
[White "tactic"]
[Black "Boninknights"]
[Result "1-0"]
[WhiteElo "2551"]
[BlackElo "2426"]
[TimeControl "180+1"]
[EndTime "16:06:02 PDT"]
[Termination "tactic won on time"]

1. e4 c5 2. c3 e6 3. Nf3 a6 4. d4 d5 5. e5 Qb6 6. Bd3 Bd7 7. O-O Bb5 8. Bxb5+ axb5 9. dxc5 Bxc5 10. b4 Bf8 11. Be3 Qa6 12. Nd4 Nd7 13. f4 Rc8 14. Qe2 Rc4 15. Rc1 Nh6 16. Nd2 Rc8 17. Nxb5 Nf5 18. Bf2 h5 19. a4 Be7 20. Nf3 h4 21.
Nfd4 g6 22. c4 Nxd4 23. Bxd4 Bxb4 24. cxd5 O-O 25. Rc4 Rxc4 26. Qxc4 Bd2 27. Bf2 Nb6 28. Qd4 Ba5 29. dxe6 fxe6 30. Qd6 Nd5 31. g3 h3 32.
Qxa6 bxa6 33. Nd4 Kf7 34. Rc1 Rb8 35. Nc6 Rc8 36. Rc2 Bb6 37. Bxb6 Nxb6 38. a5 Nd5 39.
Nd4 Rb8 40. Kf2 Rb1 41. Nf3 Ra1 42. Ng5+ Ke7 43. Rc6 Rxa5 44. Rxe6+ Kf8 45. Rxg6 Ra2+ 46. Kf3 Rxh2 47. Rxa6 Rh1 48. Rh6 Nc3 49. Rxh3 Rxh3 50. Nxh3 1-0

[Event "Late-Titled-Tuesday-Blitz-May-28-2024"]
[Site "Chess.com"]
[Date "2024.05.28"]
[Round "11"]
[White "AlexeiShirov"]
[Black "lachesisQ"]
[Result "1/2-1/2"]
[WhiteElo "2934"]
[BlackElo "3060"]
[TimeControl "180+1"]
[EndTime "16:06:05 PDT"]
[Termination "Game drawn by repetition"]

1. e4 Nf6 2. e5 Nd5 3. d4 d6 4.
c4 Nb6 5. f4 Bf5 6. Nc3 e6 7. Nf3 Nc6 8. Be3 Be7 9. Be2 dxe5 10.
fxe5 O-O 11. O-O f6 12. exf6 Bxf6 13. Kh1 Qe8 14. Qd2 Rd8 15. Rad1 Qg6 16. Qe1 Nb4 17. Nh4 Bxh4 18. Qxh4 h6 19. b3 Bd3 20. Bh5 Qh7 21.
Rxf8+ Rxf8 22. Qe7 Qf5 23. Qxb4 Bc2 24. Bf3 Bxd1 25. Nxd1 Qd3 26. Qe1 c6 27. h3 Nd7 28.
Qe2 Qb1 29. Kh2 e5 30. Nf2 Qg6 31. Be4 Qf7 32. d5 Nf6 33. dxc6 Nxe4 34. Nxe4 bxc6 35. Bf2 a5 36. Bg3 Qg6 37. Nf2 Re8 38. Ng4 e4 39. Qd2 Qe6 40. Ne3 Ra8 41. Qd4 Qe7 42. c5 Rd8 43. Bd6 Qe6 44. Nc4 Re8 45. Qe3 Qd5 46.
Nxa5 Qd3 47. Nc4 Qc2 48. a4 Re6 49. a5 Rg6 50. Bg3 Rf6 51. Nd6 Rf1 52. Qxe4 Qd1 53.
Qe6+ Kh7 54. Qe4+ Kg8 55. Qe6+ Kh7 56. Qe4+ Kg8 1/2-1/2

[Event "Late-Titled-Tuesday-Blitz-May-28-2024"]
[Site "Chess.com"]
[Date "2024.05.28"]
[Round "11"]
[White "Timurist"]
[Black "Mariia89"]
[Result "0-1"]
[WhiteElo "2393"]
[BlackElo "2249"]
[TimeControl "180+1"]
[EndTime "16:06:05 PDT"]
[Termination "Mariia89 won by checkmate"]

1. e4 c6 2. d4 d5 3. exd5 cxd5 4. Bd3 Nf6 5. c3 Bg4 6. Qb3 Qb6 7. Bf4 Nc6 8. Nd2 e6 9. Ngf3 Be7 10. O-O O-O 11. Ne5 Nxe5 12. Bxe5 Bh5 13. f4 Bg6 14. f5 exf5 15. Bxf5 Bxf5 16. Rxf5 Nd7 17. Bg3 Qg6 18. Qxd5 Nb6 19. Qf3 Rfe8 20. Rf1 Bf6 21. Qxb7 Re2 22.
Nc4 Rae8 23. Nxb6 axb6 24. Qxb6 h5 25. Rxf6 gxf6 26. Qxf6 Qxf6 27. Rxf6 Rxb2 28. c4 Ree2 29. Rf2 Re1+ 30. Rf1 Ree2 31. Bf2 Rxa2 32. d5 Rac2 33. c5 Red2 34. d6 Kg7 35. g3 Kg6 36. h4 f5 37. d7 Rxd7 38. Re1 Rdd2 39. Re6+ Kf7 40. Rh6 Rxf2 41. Rxh5 Rg2+ 42. Kf1 Rh2 43. Rxf5+ Ke6 44. Rg5 Rh1# 0-1

[Event "Late-Titled-Tuesday-Blitz-May-28-2024"]
[Site "Chess.com"]
[Date "2024.05.28"]
[Round "11"]
[White "Statham_01"]
[Black "maximnovik"]
[Result "1-0"]
[WhiteElo "2703"]
[BlackElo "2568"]
[TimeControl "180+1"]
[EndTime "16:06:06 PDT"]
[Termination "Statham_01 won by resignation"]

1. e4 c6 2. d4 d5 3. exd5 cxd5 4. Nf3 Nf6 5. c4 g6 6. Nc3 Bg7 7. cxd5 Nxd5 8. Bc4 Nxc3 9. bxc3 Qc7 10. Qe2 O-O 11.
O-O Bg4 12. Bb3 Qxc3 13. Be3 Nc6 14. Rac1 Bxf3 15. Qxf3 Nxd4 16. Qd1 Qb2 17. Rb1 Ne2+ 18. Kh1 Nc3 19. Rxb2 Nxd1 20. Rd2 Nxe3 21. fxe3 e6 22.
Rd7 b5 23. h4 h5 24. Rb7 a6 25.
g3 Be5 26. Kg2 Rac8 27. Ra7 Rc6 28. Rd1 Bd6 29. Rd7 Bc5 30. Kf3 a5 31. a4 bxa4 32.
Bxa4 Rb6 33. Rc7 Bd6 34. Rd7 Be5 35. Ra7 Bc3 36. Rdd7 Rb4 37. Bc2 Rg4 38. Bb3 Be1 39. Ke2 Bxg3 40. Bxe6 Bxh4 41. Bxf7+ Kh8 42. Bd5 Rg2+ 43.
Kd3 Be7 44. Rxe7 Rd2+ 45. Kxd2 Rf2+ 46. Kd3 Rd2+ 47. Kxd2 1-0

[Event "Late-Titled-Tuesday-Blitz-May-28-2024"]
[Site "Chess.com"]
[Date "2024.05.28"]
[Round "11"]
[White "maurovargas01"]
[Black "LUISMIGUELOV"]
[Result "0-1"]
[WhiteElo "1920"]
[BlackElo "2217"]
[TimeControl "180+1"]
[EndTime "16:06:06 PDT"]
[Termination "LUISMIGUELOV won on time"]

1. e4 c6 2. Nc3 d5 3. d3 dxe4 4.
Nxe4 Nf6 5. Ng3 Bg4 6. f3 Bc8 7. Be3 e6 8. N1e2 Bd6 9. Nc3 Qe7 10. Nce4 Nxe4 11. Nxe4 Be5 12. d4 Bf6 13. c4 Nd7 14. c5 O-O 15. Nd6 b6 16. b4 a5 17.
a3 axb4 18. axb4 Rxa1 19. Qxa1 bxc5 20. bxc5 Nxc5 21. Nxc8 Rxc8 22. Qc1 Nb3 23. Qc2 Nxd4 24. Qc4 Qb4+ 25. Qxb4 Nc2+ 26. Kd2 Nxb4 27. Bc5 Nd5 28. Bd3 Be7 29. Bxe7 Nxe7 30. Rc1 g6 31. Ke2 Kg7 32. Ba6 Rc7 33. Bb5 f5 34. Ba4 h5 35. Kd2 Kf6 36.
Bb3 Nd5 37. Ba4 c5 38. Rb1 g5 39. Rb8 g4 40. Be8 h4 41. fxg4 fxg4 42. Bh5 g3 43.
hxg3 hxg3 44. Rg8 Nf4 45. Bf3 Rg7 46. Rc8 Rg5 47. Kc3 Nd5+ 48. Kb3 Re5 49. Rxc5 Re3+ 50.
Kc2 Nb4+ 51. Kd2 Ra3 52. Rb5 Ra2+ 53. Kc3 Nd5+ 54. Bxd5 exd5 55. Rxd5 Rxg2 56. Kd3 Rf2 57. Ke3 Rf1 0-1